 Dungeon Crawl Stone Soup version 0.18.1-48-g4cf74bf (webtiles) character file.

397 Gargoyl the Skirmisher (level 6, 0/49 HPs)
             Began as a Demonspawn Abyssal Knight on Aug 22, 2016.
             Was a Believer of Lugonu.
             Slain by an orc
             ... wielding a +1 trident of piercing
              (9 damage)
             ... on level 3 of the Dungeon.
             The game lasted 00:05:21 (3101 turns).

Gargoyl the Skirmisher (Demonspawn Abyssal Knight)  Turns: 3101, Time: 00:05:22

Health: 0/49       AC:  9    Str: 14    XL:     6   Next: 53%
Magic:  8/8        EV: 10    Int: 17    God:    Lugonu [**....]
Gold:   175        SH:  0    Dex: 13    Spells: 0 memorised, 5 levels left

rFire  . . .     SeeInvis .     q - +0 war axe
rCold  . . .     Gourm    .     d - +1 ring mail of Claustrophobia {Int+4 Slay+2}
rNeg   . . .     Faith    .     (no shield)
rPois  .         Spirit   .     (helmet restricted)
rElec  .         Dismiss  .     (no cloak)
rCorr  .         Reflect  .     (no gloves)
SustAt .         Harm     .     (no boots)
MR     .....                    (no amulet)
Stlth  +.........               (no ring)
                                (no ring)

@: not resistant to hostile enchantments, very unstealthy
A: horns 1, icy blue scales 2
a: Depart the Abyss, Bend Space, Renounce Religion


You were on level 3 of the Dungeon.
You worshipped Lugonu.
Lugonu was pleased with you.
You were not hungry.

You visited 1 branch of the dungeon, and saw 3 of its levels.
You visited the Abyss 1 time.

You collected 175 gold pieces.

Inventory:

Hand Weapons
 a - a +1 hand axe
 q - a +0 war axe (weapon)
Armour
 d - the +1 ring mail of Claustrophobia (worn) {Int+4 Slay+2}
   (You found it on level 2 of the Abyss)

   It affects your intelligence (+4).
   It affects your accuracy and damage with ranged weapons and melee attacks
   (+2).
Scrolls
 g - 2 scrolls of remove curse {unknown}
 l - 4 scrolls of identify {unknown}
 n - a scroll of fog {unknown}
Potions
 b - a potion of cure mutation {unknown}
 f - 2 potions of heal wounds {unknown}
 h - a potion of berserk rage {unknown}
 j - a potion of haste {unknown}
 k - a potion of agility {unknown}
 m - a potion of magic {unknown}
Miscellaneous
 e - an ornate deck of changes
Comestibles
 c - a bread ration
 i - a meat ration
 o - a chunk of flesh
 p - a beef jerky


   Skills:
 + Level 4.4 Fighting
 + Level 3.0 Axes
 * Level 4.2 Armour
 + Level 2.1 Dodging
 + Level 0.8 Stealth
 + Level 3.0 Invocations


You had 5 spell levels left.
You didn't know any spells.

Dungeon Overview and Level Annotations

Branches:
Dungeon (3/15)

Altars:


Innate Abilities, Weirdness & Mutations

You have a pair of small horns on your head.
You are mostly covered in icy blue scales (AC +3, EV -1).


Message History

The orc priest is severely wounded.
You hit the orc wizard.
You kill the orc wizard!
Lugonu accepts your kill.
The orc hits you from afar with a trident of piercing!
The orc priest hits you with a club. The orc barely misses you.
The orc priest hits you with a club.
Your ring mail of Claustrophobia prevents you from hitting the orc priest.
You headbutt the orc priest.
You kill the orc priest!
Lugonu accepts your kill.
Your Axes skill increases to level 3!
The orc hits you from afar with a trident of piercing.
Unknown command.
The orc hits you from afar with a trident of piercing.
* * * LOW HITPOINT WARNING * * *
x2
Things that are here:
a club; a dagger; an orc corpse The orc hits you with a trident of piercing!
You die...

## $# #...# #.... #...#
#.#.# # #(..# ####.#.# .#
#...# #......##.#######
###...######.##.#..........#
)............##....# ...?.#
[..............o@..# ...[.#
)...(........###)).###.....#
###...######....†..†.......#
#...# ######.##########
#.#.# #.# ###...# #.#
......# #.# .##...#### #.#
.#.......### #..


You could see an orc.

Vanquished Creatures
  Sigmund (D:2)
  2 orc priests (D:3)
  An orc wizard (D:3)
  Natasha (twice) (D:3)
  3 gnolls (D:2)
  2 adders (D:2)
  2 oozes (D:1)
  A dart slug (D:2)
  4 orcs (D:3)
  6 bats
  3 giant cockroaches (D:3)
  4 goblins
  3 hobgoblins (D:1)
  6 jackals
  4 kobolds
  4 giant newts
  6 rats
54 creatures vanquished.

Vanquished Creatures (others)
  5 starspawn tentacles (Abyss:2)
  29 starspawn tentacle segments (Abyss:2)
34 creatures vanquished.

Grand Total: 88 creatures vanquished

Notes
Turn   | Place    | Note
--------------------------------------------------------------
     0 | Abyss:1  | Gargoyl the Demonspawn Abyssal Knight began the quest for the Orb.
     0 | Abyss:1  | Reached XP level 1. HP: 18/18 MP: 2/2
    13 | Abyss:2  | Found a corrupted altar of Lugonu.
    14 | Abyss:2  | Got a jewelled ring mail
    25 | Abyss:2  | Identified the +1 ring mail of Claustrophobia {Int+4 Slay+2} (You found it on level 2 of the Abyss)
    55 | Abyss:2  | Noticed a tentacled starspawn
    75 | Abyss:2  | Noticed a large abomination
    85 | Abyss:2  | Noticed a spatial vortex
    86 | Abyss:2  | Noticed a spatial vortex
    88 | Abyss:2  | Noticed a spatial maelstrom
    88 | Abyss:2  | Noticed a spatial vortex
    88 | Abyss:2  | Noticed a spatial vortex
    88 | Abyss:2  | Noticed a spatial vortex
    90 | Abyss:2  | Noticed a spatial vortex
    96 | D:1      | Escaped the Abyss
   342 | D:1      | Gained mutation: You are partially covered in icy blue scales (AC +1). [demonic ancestry]
   342 | D:1      | Reached XP level 2. HP: 24/24 MP: 3/3
   344 | D:1      | Reached * piety under Lugonu
   930 | D:1      | Reached skill level 1 in Dodging
  1237 | D:1      | Gained mutation: You have a pair of small horns on your head. [demonic ancestry]
  1237 | D:1      | Reached XP level 3. HP: 29/29 MP: 5/5
  1540 | D:2      | Noticed Sigmund
  1545 | D:2      | Killed Sigmund
  1545 | D:2      | Reached XP level 4. HP: 22/37 MP: 6/6
  1545 | D:2      | Reached XP level 5. HP: 25/42 MP: 7/7
  2414 | D:3      | Found a faded altar to an unknown god.
  2418 | D:3      | Noticed Natasha
  2438 | D:3      | Killed Natasha
  2615 | D:3      | Noticed Natasha
  2623 | D:3      | Killed Natasha
  2623 | D:3      | Gained mutation: You are mostly covered in icy blue scales (AC +3, EV -1). [demonic ancestry]
  2623 | D:3      | Reached XP level 6. HP: 33/48 MP: 8/8
  2730 | D:3      | Reached ** piety under Lugonu
  3101 | D:3      | Slain by an orc

Skill      XL: |  1  2  3  4  5  6 |
---------------+-------------------+-----
Armour         | 2 3 4 |  4.2
Axes           | 2 3 |  3.0
Dodging        | 1 2 |  2.1
Fighting       | 4 |  4.4
Invocations    | 3 |  3.0
Stealth        | |  0.8

Action                   |  1- 3 |  4- 6 || total
-------------------------+-------+-------++-------
Melee: Hand axe          |    73 |    52 ||   125
       Headbutt          |     3 |    13 ||    16
       War axe           |       |    24 ||    24
Invok: Depart the Abyss  |     1 |       ||     1
  Eat: Chunk             |     2 |     5 ||     7
Armor: Ring mail         |    37 |    40 ||    77
Dodge: Dodged            |    49 |    48 ||    97
